 Dungeon Crawl Stone Soup version 0.29-a0-409-gd843f3a48c (webtiles) character file.

Game seed: 3083148805003266866

284 Demosthentine the Skirmisher (level 6, 0/55 HPs)
             Began as a Hill Orc Fighter on May 14, 2022.
             Slain by Sigmund
             ... wielding a +2 vorpal scythe
              (1 damage)
             ... on level 4 of the Dungeon.
             The game lasted 00:03:25 (2673 turns).

Demosthentine the Skirmisher (Hill Orc Fighter)     Turns: 2673, Time: 00:03:25

Health: 0/55       AC:  9    Str: 21    XL:     6   Next: 29%
Magic:  6/6        EV: 10    Int:  8    God:
Gold:   237        SH:  5    Dex: 10    Spells: 5/5 levels left

rFire   . . .      SeeInvis .   a - +1 war axe
rCold   . . .      Faith    .   c - +1 buckler
rNeg    . . .      Spirit   .   b - +0 scale mail
rPois   .          Reflect  .   (no helmet)
rElec   .          Harm     .   (no cloak)
rCorr   .          Rampage  .   l - +1 pair of gloves
Will    .....                   (no boots)
Stlth   ..........              p - amulet of the acrobat
HPRegen 0.18/turn               (no ring)
MPRegen 0.10/turn               (no ring)

@: mighty
A: no striking features
a: no special abilities


You were on level 4 of the Dungeon.
You visited 1 branch of the dungeon, and saw 4 of its levels.

You collected 237 gold pieces.

Inventory:

Hand Weapons
 a - a +1 war axe (weapon)
Armour
 b - a +0 scale mail (worn)
 c - a +1 buckler (worn)
 l - a +1 pair of gloves (worn)
Jewellery
 h - a ring of flight
 p - an amulet of the acrobat (around neck)
Scrolls
 j - a scroll of fog
 o - a scroll of teleportation
Potions
 e - 2 potions of degeneration {unknown}
 g - a potion of brilliance
 i - 3 potions of haste {unknown}
 m - 2 potions of heal wounds {unknown}
 n - a potion of invisibility
 q - a potion of magic
 r - a potion of flight {unknown}


   Skills:
 + Level 4.8 Fighting
 + Level 4.5 Axes
 + Level 4.4 Armour
 + Level 2.0 Dodging
 + Level 4.4 Shields


You had 5 spell levels left.
You didn't know any spells.
Your spell library contained the following spells:

 Spells                   Type           Power      Damage    Failure   Level
 Magic Dart               Conj           0%         1d3       83%         1
 Sandblast                Erth           0%         2d4       83%         1
 Passwall                 Tmut/Erth      0%         N/A       92%         2
 Stone Arrow              Conj/Erth      0%         3d7       99%         3
 Lightning Bolt           Conj/Air       0%         1d11      100%        5
 Yara's Violent Unravell  Hex/Tmut       0%         3d3       100%        5


Dungeon Overview and Level Annotations

Branches:
Dungeon (4/15)
 Temple: D:4-7

Altars:

Annotations:
D:4 Sigmund


Message History

You closely miss the goblin. The goblin closely misses you. Something hits you!
Unknown command.
You slice the goblin!!
You kill the goblin!
Something hits you! Robin hits you but does no damage.
You are too injured to fight recklessly!
Unknown command.
You are too injured to fight recklessly!
Unknown command.
You are too injured to fight recklessly!
Unknown command.
You hit Robin.
Robin is moderately wounded.
Robin hits you with a +0 short sword. Something completely misses you.
Unknown command.
Robin completely misses you.
Things that are here:
a +0 dagger; a +0 club; a goblin corpse Unknown command.
Something completely misses you. Robin completely misses you.
Unknown command.
You miss something. You hit Robin.
Robin laughs in a distinctly smug fashion.
Robin hits you but does no damage. Something hits you!
* * * LOW HITPOINT WARNING * * *
x2 Unknown command.
You miss something. You slash Robin! You block Robin's attack.
You hear some strange, mumbled words.
Something tries to affect you, but you resist.
Unknown command.
You slash something! You slash Robin!
You kill Robin!
Something hits you!
* * * LOW HITPOINT WARNING * * *
x2 Unknown command.
You feel better. Something hits you.
* * * LOW HITPOINT WARNING * * *
x2 You miss something.
Something hits you.
* * * LOW HITPOINT WARNING * * *
You die...

. #..........
#.#...........
..#...........
............. ##
....).......
...###.....^....
......#.....#
#.#..{@...#####
#..###)).......
#..##.)#######
..###....)....#
.........##.#..#
.######.........
!#######.##.....
...........####.
........##.....
.


There were no monsters in sight!

Vanquished Creatures
  Duvessa (D:4)
  Dowan (D:4)
  Robin (D:4)
  4 adders
  A worm (D:2)
  2 dart slugs
  8 orcs
  8 endoplasms
  A giant cockroach (D:3)
  16 goblins
  6 hobgoblins
  2 quokkas
  5 ball pythons
  3 bats
  5 frilled lizards
  5 kobolds
  10 rats
79 creatures vanquished.

Notes
Turn   | Place    | Note
-------+----------+-------------------------------------------
     0 | D:1      | Demosthentine the Hill Orc Fighter began the quest for the
                  | Orb.
     0 | D:1      | Reached XP level 1. HP: 19/19 MP: 1/1
   227 | D:1      | Reached XP level 2. HP: 24/24 MP: 2/2
   747 | D:1      | Found a faded altar of an unknown god.
   923 | D:1      | Got Xurheiw's Grimoire of Transmigration and Confrontation
  1139 | D:2      | Reached XP level 3. HP: 31/33 MP: 3/3
  1572 | D:2      | Reached skill level 1 in Dodging
  1654 | D:2      | Reached XP level 4. HP: 22/40 MP: 4/4
  2636 | D:4      | Noticed Duvessa
  2637 | D:4      | Noticed Dowan
  2641 | D:4      | Killed Duvessa
  2642 | D:4      | Reached XP level 5. HP: 34/47 MP: 5/5
  2644 | D:4      | Killed Dowan
  2645 | D:4      | Reached XP level 6. HP: 41/55 MP: 6/6
  2656 | D:4      | Noticed Sigmund
  2658 | D:4      | Noticed Robin
  2671 | D:4      | Killed Robin
  2671 | D:4      | HP: 2/55 [something (1)]
  2673 | D:4      | Slain by Sigmund

Illustrated notes

Levels and vault maps discovered:
D:1:      dpeg_arrival_short_road, layout_loops_corners,
          shapermc_ecumenical_altar_mp_vishouse
D:2:      minmay_chambers_of_twos, layout_rooms, st_stairs_5
D:3:      minmay_diamond_boxcup, layout_rooms, minmay_misc_feat_five
D:4:      layout_rooms, feat_on_display, uniq_duvessa, uniq_sigmund, uniq_pikel,
          uniq_robin

Skill      XL: |  1  2  3  4  5  6 |
---------------+-------------------+-----
Axes           | 3 4 |  4.5
Fighting       | 4 |  4.8
Dodging        | 1 2 |  2.0
Armour         | 4 |  4.4
Shields        | 4 |  4.4

Action                   |  1- 3 |  4- 6 || total
-------------------------+-------+-------++-------
Melee: War axe           |    99 |    87 ||   186
  Use: Scroll            |     4 |     6 ||    10
       Potion            |       |     2 ||     2
Armor: Scale mail        |    39 |    45 ||    84
Dodge: Dodged            |    43 |    42 ||    85
Block: Buckler           |    25 |    22 ||    47

Table legend: (Time is in decaauts)
 A = Elapsed time spent in this place.
 B = Non-inter-level travel time spent in this place.
 C = Inter-level travel time spent in this place.
 D = Time resting spent in this place.
 E = Time spent auto-exploring this place.
 F = Levels seen in this place.
 G = Mean time per level.
                   A        B        C        D        E       F      G
               +--------+--------+--------+--------+--------+-----+--------+
         Total |   2739 |   2648 |     91 |    100 |   2069 |   4 |  684.8 |
       Dungeon |   2739 |   2648 |     91 |    100 |   2069 |   4 |  684.8 |
               +--------+--------+--------+--------+--------+-----+--------+

Top non-repeatable levels by time:
     D:1: 1042 daAuts
     D:2: 918 daAuts
     D:3: 735 daAuts
     D:4: 42 daAuts
